 Dungeon Sprint DCSS version 0.29-a0-194-g6e3aafee17 (webtiles) character file.

Game seed: 3988368989447762488

26 mhtbhm the Skirmisher (level 2, -7/29 HPs)
             Began as a Minotaur Fighter on Feb 22, 2022.
             Mangled by a warg (11 damage)
             ... in the Dungeon (Sprint I: "Red Sonja").
             The game lasted 00:00:14 (241 turns).

mhtbhm the Skirmisher (Minotaur Fighter)             Turns: 241, Time: 00:00:15

Health: -7/29      AC:  7    Str: 20    XL:     2   Next: 89%
Magic:  1/1        EV:  9    Int:  5    God:
Gold:   0          SH:  4    Dex:  9    Spells: 1/1 levels left

rFire   . . .      SeeInvis .   a - +0 war axe
rCold   . . .      Faith    .   c - +0 buckler
rNeg    . . .      Spirit   .   b - +0 scale mail
rPois   .          Reflect  .   (helmet restricted)
rElec   .          Harm     .   (no cloak)
rCorr   .          Rampage  .   (no gloves)
Will    .....      NoTele   +   (no boots)
Stlth   ..........              (no amulet)
HPRegen 0.09/turn               (no ring)
MPRegen 0.07/turn               (no ring)

@: no status effects
A: horns 2, retaliatory headbutt
a: no special abilities


You were in the Dungeon.
You visited 1 branch

Inventory:

Hand Weapons
 a - a +0 war axe (weapon)
Armour
 b - a +0 scale mail (worn)
 c - a +0 buckler (worn)
Wands
 i - a wand of polymorph (4)
Scrolls
 j - a scroll of blinking
Potions
 d - a potion of might
 e - a potion of curing
 f - a potion of heal wounds
 g - a potion of haste
 h - 2 potions of magic


   Skills:
 + Level 5.3 Fighting
 + Level 3.0 Axes
 + Level 5.2 Armour
 + Level 5.2 Shields
 + Level 0.9 Unarmed Combat


You had one spell level left.
You didn't know any spells.
Your spell library was empty.

Dungeon Overview and Level Annotations

Branches:
Dungeon (1/1)

Altars:


Innate Abilities, Weirdness & Mutations

You have a pair of horns on your head.
You reflexively headbutt those who attack you in melee.


Message History

You open the door.
An ogre comes into view. It is wielding a +0 giant spiked club.
The ogre shouts!
Aiming: Polymorph
Press: ? - help, Shift-Dir - straight line, f - ogre
Aim: an ogre, wielding a +0 giant spiked club (will become a basilisk, a warg, or a howler monkey, chance to affect: 49%)
The ogre resists with some effort.
Unknown command.
Unknown command.
Aiming: Polymorph
Press: ? - help, Shift-Dir - straight line, f/p - ogre
Aim: an ogre, wielding a +0 giant spiked club (will become a basilisk, a warg, or a howler monkey, chance to affect: 49%)
The ogre evaporates and reforms as a warg!
The warg bites you.
Unknown command.
Unknown command.
You barely miss the warg. You headbutt the warg.
The warg is lightly wounded.
The warg bites you but does no damage.
You barely miss the warg.
The warg is lightly wounded.
The warg bites you! You block the warg's attack.
You closely miss the warg.
The warg is lightly wounded.
The warg bites you. The warg barely misses you.
You closely miss the warg.
The warg is lightly wounded.
The warg completely misses you. You furiously retaliate!
You headbutt the warg, but do no damage.
The warg bites you!
* * * LOW HITPOINT WARNING * * *
You hit the warg.
The warg is lightly wounded.
The warg closely misses you. The warg bites you but does no damage.
You slash the warg!
The warg is moderately wounded.
The warg bites you.
* * * LOW HITPOINT WARNING * * *
The warg bites you!
You die...

##########
#<.#.@h..#
#..').#..+
#..#### +#
#..# #..#
#..# #⌠⌠#
####


You could see a warg.

Vanquished Creatures
  Ijyb (D)
1 creature vanquished.

Notes
Turn   | Place    | Note
-------+----------+-------------------------------------------
     0 | D        | mhtbhm the Minotaur Fighter began the quest for the Orb.
     0 | D        | Reached XP level 1. HP: 19/19 MP: 0/0
     1 | D        | Noticed Ijyb
    12 | D        | Killed Ijyb
    13 | D        | Reached skill level 5 in Fighting
    13 | D        | Reached skill level 5 in Armour
    13 | D        | Reached skill level 5 in Shields
    13 | D        | Reached XP level 2. HP: 26/29 MP: 1/1
   233 | D        | Noticed an ogre
   235 | D        | Noticed a warg
   235 | D        | an ogre changed into a warg
   241 | D        | Mangled by a warg

Illustrated notes

Levels and vault maps discovered:
D:        dungeon_sprint_1 [red_sonja_temple_1, red_sonja_temple_small_1]

Skill      XL: |  1 |
---------------+----+-----
Fighting       | 5 |  5.3
Axes           | 3 |  3.0
Armour         | 5 |  5.2
Shields        | 5 |  5.2
Unarmed Combat | |  0.9

Action                   || total
-------------------------++-------
Melee: Unarmed           ||     9
       War axe           ||     6
       Headbutt          ||     1
Evoke: Wand              ||     2
  Use: Potion            ||     1
Armor: Scale mail        ||     2
Dodge: Dodged            ||     7
Block: Buckler           ||     1

Table legend: (Time is in decaauts)
 A = Elapsed time spent in this place.
 B = Non-inter-level travel time spent in this place.
 C = Inter-level travel time spent in this place.
 D = Time resting spent in this place.
 E = Time spent auto-exploring this place.
 F = Levels seen in this place.
 G = Mean time per level.
                   A        B        C        D        E       F      G
               +--------+--------+--------+--------+--------+-----+--------+
         Total |    251 |    251 |      0 |    224 |      1 |   1 |  251.0 |
       Dungeon |    251 |    251 |      0 |    224 |      1 |   1 |  251.0 |
               +--------+--------+--------+--------+--------+-----+--------+

Top non-repeatable levels by time:
       D: 251 daAuts
